General information
			
			
        
        - name: BNet
 
        - type: Ladder 1vs1/FFA
 
        - host: Battle.net
 
        - saver: DukeOfDefence
 
        
map: EchoIsles 
        - players: 2
 
        - length: 16:22
 
        - speed: Fast
 - version: 1.22 W3XP
 - replay type:  Public
 
» download(70 KB)
Players
        team 1 (loser) 
              
              
» 
ThereIsNoMind (
pink | 122 APM | 2000 actions | 16:21)
              
 5 Archmage 
 3 Summon Water Elemental
 2 Brilliance Aura
 1 Mountain King 
 1 Storm Bolt
 1 Paladin 
 1 Holy Light
 
                » actions 
                
                | Assign group hotkey | 112 |  | 
| Basic commands | 109 |  | 
| Build / train | 81 |  | 
| ESC pressed | 1 |  | 
| Enter build submenu | 36 |  | 
| Enter hero's abilities submenu | 7 |  | 
| Right click | 896 |  | 
| Select / deselect | 332 |  | 
| Select group hotkey | 313 |  | 
| Use ability | 113 |  | 
                2000 total
 » units 
                
                | Peasant | 25 |  | 
| Footman | 11 |  | 
| Ogre Mauler | 1 |  | 
| Mud Golem | 2 |  | 
| Forest Troll Berserker | 1 |  | 
| Forest Troll Shadow Priest | 1 |  | 
| Spell Breaker | 4 |  | 
| Priest | 3 |  | 
                48 total
 » buildings
                
                | Altar of Kings | 1 |  | 
| Farm | 7 |  | 
| Barracks | 1 |  | 
| Scout Tower | 15 |  | 
| Arcane Tower | 3 |  | 
| Town Hall | 1 |  | 
| Arcane Vault | 2 |  | 
| Lumber Mill | 1 |  | 
| Guard Tower | 6 |  | 
| Keep | 2 |  | 
| Arcane Sanctum | 3 |  | 
| Castle | 1 |  | 
| Blacksmith | 1 |  | 
| Workshop | 1 |  | 
                45 total
 » build order
                00:07 Altar of Kings
00:19 Farm
00:21 Barracks
00:50 Farm
01:40 Farm
01:52 Scout Tower
02:20 Arcane Tower
02:21 Arcane Tower
02:21 Arcane Tower
03:42 Town Hall
03:49 Arcane Vault
04:22 Farm
04:25 Lumber Mill
04:28 Scout Tower
05:30 Guard Tower
05:33 Scout Tower
05:59 Scout Tower
06:22 Keep
06:23 Keep
06:35 Scout Tower
06:52 Farm
07:04 Farm
07:08 Guard Tower
07:10 Scout Tower
07:27 Farm
07:39 Scout Tower
07:42 Scout Tower
07:45 Guard Tower
07:48 Scout Tower
08:51 Arcane Sanctum
08:52 Arcane Sanctum
08:53 Arcane Sanctum
08:55 Castle
09:03 Guard Tower
09:04 Scout Tower
09:05 Scout Tower
09:17 Scout Tower
10:22 Guard Tower
10:51 Blacksmith
11:07 Scout Tower
11:07 Scout Tower
11:22 Arcane Vault
11:58 Guard Tower
12:12 Workshop
» items
                
                | Scroll of Regeneration | 3 |  | 
| Lesser Clarity Potion | 3 |  | 
                6 total
  
               team 2 (winner) 
              
              
DukeOfDefence (
red | 120 APM | 1960 actions | 16:22)
              
 5 Archmage 
 3 Summon Water Elemental
 2 Brilliance Aura
 4 Firelord 
 2 Summon Lava Spawn
 2 Soul Burn
 
                » actions 
                
                | Assign group hotkey | 24 |  | 
| Basic commands | 32 |  | 
| Build / train | 54 |  | 
| Enter build submenu | 24 |  | 
| Enter hero's abilities submenu | 9 |  | 
| Give item / drop item | 1 |  | 
| Right click | 1082 |  | 
| Select / deselect | 385 |  | 
| Select group hotkey | 272 |  | 
| Use ability | 77 |  | 
                1960 total
 » units 
                
                | Peasant | 14 |  | 
| Forest Troll Shadow Priest | 1 |  | 
| Forest Troll Berserker | 1 |  | 
| Spell Breaker | 8 |  | 
| Priest | 3 |  | 
| Sorceress | 1 |  | 
| Dragonhawk Rider | 1 |  | 
                29 total
 » upgrades
                » buildings
                
                | Altar of Kings | 1 |  | 
| Scout Tower | 6 |  | 
| Farm | 9 |  | 
| Lumber Mill | 2 |  | 
| Arcane Tower | 1 |  | 
| Guard Tower | 3 |  | 
| Arcane Vault | 1 |  | 
| Keep | 1 |  | 
| Arcane Sanctum | 2 |  | 
| Gryphon Aviary | 1 |  | 
| Town Hall | 1 |  | 
                28 total
 » build order
                00:05 Altar of Kings
00:20 Scout Tower
00:22 Farm
00:39 Lumber Mill
00:46 Lumber Mill
00:52 Arcane Tower
01:24 Farm
02:18 Scout Tower
03:04 Guard Tower
03:36 Arcane Vault
03:47 Farm
04:15 Keep
04:42 Farm
05:12 Farm
06:42 Arcane Sanctum
06:48 Arcane Sanctum
07:22 Farm
08:55 Scout Tower
08:55 Scout Tower
08:56 Scout Tower
09:27 Guard Tower
10:47 Scout Tower
11:17 Guard Tower
12:04 Farm
12:45 Gryphon Aviary
12:49 Farm
14:30 Farm
15:08 Town Hall
» items
                
                | Lesser Clarity Potion | 1 |  | 
| Scroll of Regeneration | 2 |  | 
| Staff of Teleportation | 1 |  | 
| Boots of Speed | 1 |  | 
| Potion of Healing | 1 |  | 
                6 total
  
                Chat log
          (00:24 / All) ThereIsNoMind: gl hf
(00:27 / All) DukeOfDefence: u 2